 Dungeon Crawl Stone Soup version 0.31-a0-117-g42d8f58691 (webtiles) character file.

Game seed: 3222095680594642046

53 lunkers the Slasher (level 3, -2/29 HPs)
             Began as a Demigod Gladiator on May 30, 2023.
             Slain by Terence
             ... wielding a +0 trident
              (6 damage)
             ... on level 2 of the Dungeon.
             The game lasted 00:01:16 (608 turns).

lunkers the Slasher (Demigod Gladiator)              Turns: 608, Time: 00:01:17

Health: -2/29      AC:  6    Str: 15    XL:     3   Next: 41%
Magic:  5/5        EV: 11    Int: 10    God:
Gold:   45         SH:  0    Dex: 19    Spells: 2/2 levels left

rFire   . . .        a - +0 great sword
rCold   . . .        (shield currently unavailable)
rNeg    . . .        j - +0 ring mail
rPois   .            c - +0 helmet
rElec   .            (no cloak)
rCorr   .            (no gloves)
SInv    .            (no boots)
Will    .....        (no amulet)
Stlth   +            i - ring of flight
HPRegen 0.24/turn    (no ring)
MPRegen 0.09/turn

%: no passive effects
@: flying
A: high MP 1, forlorn, divine attributes
a: no special abilities


You were on level 2 of the Dungeon.
You visited 1 branch of the dungeon, and saw 2 of its levels.

You collected 45 gold pieces.

Inventory:

Hand Weapons
 a - a +0 great sword (weapon)
 h - a +0 long sword
Missiles
 d - 3 throwing nets
 e - a javelin
Armour
 b - a +0 leather armour
 c - a +0 helmet (worn)
 j - a +0 ring mail (worn)
Jewellery
 i - a ring of flight (left hand)
Scrolls
 f - a scroll of immolation {unknown}
 g - a scroll of brand weapon {unknown}
 k - 3 scrolls of identify {unknown}
 l - a scroll of enchant weapon {unknown}


   Skills:
 - Level 1.7 Fighting
 + Level 4.2 Long Blades
 - Level 1.7 Throwing
 - Level 2.6 Dodging


You had 2 spell levels left.
You didn't know any spells.
Your spell library was empty.

Dungeon Overview and Level Annotations

Branches:
Dungeon (2/15)

Annotations:
D:2 Terence


Innate Abilities, Weirdness & Mutations

You have an increased reservoir of magic. (+10% MP)
You shall have no god before yourself.
Your divine heritage dramatically boosts your attributes as you level up.


Message History

The ball python bites you. The ball python grabs you.
The ball python constricts you. The ball python barely misses you.
The ball python constricts you.
The giant cockroach bites you but does no damage.
You escape the ball python's grasp.
You see here a +0 dagger.
The giant cockroach bites you but does no damage.
You barely miss the ball python. The ball python misses you.
The ball python grabs you. The ball python constricts you.
The giant cockroach barely misses you. The ball python barely misses you.
The ball python constricts you. The giant cockroach barely misses you.
You closely miss the ball python.
The ball python bites you but does no damage.
The ball python constricts you.
Terence drinks a potion.
Terence seems to grow stronger.
The giant cockroach barely misses you.
The ball python bites you but does no damage.
The ball python constricts you.
You slash the ball python!
You kill the ball python!
The giant cockroach closely misses you.
Terence hits you from afar with a +0 trident!
* * * LOW HITPOINT WARNING * * *
The giant cockroach completely misses you.
Terence closely misses you.
You hit the giant cockroach.
You kill the giant cockroach!
You barely miss the hobgoblin. Terence barely misses you.
The hobgoblin closely misses you. The hobgoblin completely misses you.
Terence misses you.
You slice the hobgoblin!!
You kill the hobgoblin!
Terence hits you from afar with a +0 trident!
* * * LOW HITPOINT WARNING * * *
Terence misses you.
Things that are here:
a hobgoblin corpse; a giant cockroach corpse You aren't carrying any potions.
You closely miss Terence. Terence barely misses you.
Terence hits you with a +0 trident.
You die...

###########
..........# ####.
..........##.....
........@@.......
...######........
. #...........
...###.>.........
.................
.......<.........
.(...............
...#............#
.. #........#....


You could see Terence (strong).

Vanquished Creatures
  2 dart slugs (D:1)
  5 ball pythons
  5 bats (D:1)
  5 endoplasms (D:1)
  2 giant cockroaches
  3 hobgoblins
  4 jackals (D:1)
  8 kobolds (D:1)
  A quokka (D:1)
  3 frilled lizards (D:1)
  3 goblins (D:1)
  4 rats (D:1)
45 creatures vanquished.

Notes
Turn   | Place    | Note
-------+----------+-------------------------------------------
     0 | D:1      | lunkers the Demigod Gladiator began the quest for the Orb.
     0 | D:1      | Reached XP level 1. HP: 17/17 MP: 3/3
    59 | D:1      | Reached skill level 3 in Long Blades
    83 | D:1      | Reached XP level 2. HP: 17/24 MP: 4/4
   380 | D:1      | Reached XP level 3. HP: 29/29 MP: 5/5
   508 | D:1      | Reached skill level 4 in Long Blades
   592 | D:2      | Noticed Terence
   608 | D:2      | Slain by Terence

Illustrated notes

Levels and vault maps discovered:
D:1:      elethiomel_arrival_diamonds, layout_basic, lexackson_kobold_supper
D:2:      layout_basic, nicolae_ecumenical_lake_church, uniq_robin,
          uniq_terence, uniq_natasha

Skill      XL: |  1  2  3 |
---------------+----------+-----
Long Blades    | 3 4 |  4.2
Fighting       | |  1.7
Throwing       | |  1.7
Dodging        | |  2.6

Action                     || total
---------------------------++-------
  Melee: Long sword        ||    63
         Punch             ||     1
         Great sword       ||    49
 Armour: Leather armour    ||    42
         Ring mail         ||    20
  Dodge: Dodged            ||   125

Table legend: (Time is in decaauts)
 A = Elapsed time spent in this place.
 B = Non-inter-level travel time spent in this place.
 C = Inter-level travel time spent in this place.
 D = Time resting spent in this place.
 E = Time spent auto-exploring this place.
 F = Levels seen in this place.
 G = Mean time per level.
                   A        B        C        D        E       F      G
               +--------+--------+--------+--------+--------+-----+--------+
         Total |    645 |    621 |     24 |      0 |    349 |   2 |  322.5 |
       Dungeon |    645 |    621 |     24 |      0 |    349 |   2 |  322.5 |
               +--------+--------+--------+--------+--------+-----+--------+

Top non-repeatable levels by time:
     D:1: 626 daAuts
     D:2: 18 daAuts
